AoeStats
← GAX | Urubu

Lombardia

509793845Analyzed
4v4 RM · 4d ago on Sep 28, 2026· 48m 52s· 8 players
Game mode
Random Map
Map size
Large (8 player)
Population
200
Speed
Normal
Resources
Standard
Victory
Conquest
Starting age
Dark Age
Ending age
Imperial Age
RankedLock teamsTeams togetherTeam positionsShared explorationLock speedFull tech treeHidden civsTurbo modeCheats
Victory
Defeat
🇨🇳 Lithuanians · China
1604
+13
🇦🇷 Berbers · Argentina
1564
+14
🇨🇱 Vikings · Chile
1518
+16
🇺🇸 Mongols · United States
1514
+16
🇧🇷 Britons · Brazil
1618
-19
🇧🇷 Bengalis · Brazil
1530
-15
🇧🇷 Persians · Brazil
1484
-13
🇧🇷 Khmer · Brazil
1458
-12
Dwarf king
10:45 Feudal Age
11:55 Double-Bit Axe
14:15 Castle Age
14:09 Horse Collar
15:29 Bow Saw
19:45 Wheelbarrow
22:14 Hand Cart
22:06 Gold Mining
22:09 Stone Mining
23:22 Heavy Plow
23:52 Loom
23:55 Town Watch
26:18 Gold Shaft Mining
26:18 Stone Shaft Mining
29:36 Imperial Age
27:03 Fletching
27:43 Ballistics
27:36 Padded Archer Armor
28:24 Bodkin Arrow
29:18 Bloodlines
29:09 Husbandry
30:51 Conscription
31:37 Chemistry
30:39 Bracer
30:56 Leather Archer Armor
31:10 Parthian Tactics
31:06 Thumb Ring
31:49 Elite Mangudai
36:49 Capped Ram
37:59 Siege Ram
39:11 Drill
40:09 Onager
41:13 Siege Engineers
41:18 Masonry
41:16 Scale Barding Armor
41:21 Forging
40:33 Light Cavalry
41:49 Siege Onager
Kant be real
6:37 Loom
9:13 Feudal Age
9:54 Double-Bit Axe
15:21 Forging
18:00 Scale Barding Armor
22:12 Castle Age
20:52 Horse Collar
21:28 Gold Mining
21:51 Bloodlines
23:25 Bow Saw
23:37 Chain Barding Armor
25:05 Wheelbarrow
31:59 Gold Shaft Mining
34:30 Caravan
41:02 Imperial Age
38:48 Hand Cart
41:30 Iron Casting
41:12 Heavy Camel Rider
42:29 Plate Barding Armor
44:16 Husbandry
44:43 Heavy Plow
47:23 Blast Furnace
yinyangwar
9:59 Feudal Age
10:49 Double-Bit Axe
11:11 Double-Bit Axe
15:27 Fletching
21:07 Castle Age
19:27 Horse Collar
19:39 Gold Mining
20:37 Padded Archer Armor
21:12 Crossbowman
21:47 Bodkin Arrow
22:18 Bow Saw
22:22 Loom
22:23 Town Watch
32:05 Imperial Age
30:31 Leather Archer Armor
30:55 Ballistics
31:45 Treadmill Crane
31:58 Elite Skirmisher
32:49 Bracer
32:10 Arbalester
33:53 Chemistry
34:27 Ring Archer Armor
34:35 Gold Shaft Mining
36:16 Conscription
37:48 Squires
38:58 Arson
39:14 Scale Mail Armor
39:25 Forging
38:37 Elite Varangian Guard
40:07 Chieftains
43:06 Chain Mail Armor
43:30 Iron Casting
44:51 Capped Ram
46:04 Pikeman
47:15 Plate Mail Armor
47:46 Blast Furnace
46:22 Siege Ram
48:09 Bogsveigar
凛冬已至
8:50 Feudal Age
9:25 Double-Bit Axe
9:55 Horse Collar
15:41 Wheelbarrow
19:55 Castle Age
17:58 Gold Mining
19:13 Bloodlines
20:03 Forging
20:29 Scale Barding Armor
20:58 Bow Saw
25:11 Heavy Plow
25:31 Loom
26:17 Hand Cart
32:17 Chain Barding Armor
34:17 Stone Mining
37:52 Imperial Age
36:01 Iron Casting
37:56 Elite Leitis
38:56 Conscription
39:17 Plate Barding Armor
38:44 Husbandry
39:38 Stone Shaft Mining
39:54 Conscription
40:14 Conscription
40:07 Caravan
40:37 Masonry
42:22 Hoardings
48:16 Guilds
GAX | Dattatreyaa
7:23 Loom
10:34 Feudal Age
11:08 Double-Bit Axe
16:06 Castle Age
14:49 Gold Mining
14:54 Horse Collar
22:14 Wheelbarrow
23:10 Bow Saw
24:12 Heavy Plow
24:28 Fletching
26:02 Bodkin Arrow
26:24 Padded Archer Armor
28:38 Gold Shaft Mining
28:51 Town Watch
29:35 Bloodlines
29:25 Husbandry
30:22 Ballistics
30:19 Leather Archer Armor
31:42 Hand Cart
33:05 Squires
32:26 Pikeman
36:41 Imperial Age
35:02 Forging
34:54 Scale Mail Armor
36:45 Scale Barding Armor
37:18 Iron Casting
36:48 Elite Elephant Archer
37:29 Bracer
38:33 Chemistry
38:25 Ring Archer Armor
38:06 Light Cavalry
39:20 Chain Barding Armor
41:59 Plate Barding Armor
41:59 Iron Casting
41:09 Elite Skirmisher
44:48 Caravan
45:19 Coinage
49:03 Squires
GAX | B.Trufa
11:40 Feudal Age
12:48 Double-Bit Axe
15:08 Loom
17:24 Castle Age
17:58 Scale Barding Armor
23:23 Bow Saw
24:28 Horse Collar
25:58 Heavy Plow
27:22 Wheelbarrow
27:12 Gold Mining
28:27 Forging
28:51 Bloodlines
29:43 Town Watch
31:02 Chain Barding Armor
31:18 Husbandry
32:29 Stone Mining
35:19 Imperial Age
35:51 Iron Casting
35:02 Cavalier
36:50 Two-Man Saw
36:21 Crop Rotation
37:50 Plate Barding Armor
39:04 Fletching
41:57 Blast Furnace
43:56 Caravan
45:17 Bodkin Arrow
GAX | Urubu
7:05 Loom
9:19 Feudal Age
10:01 Loom
11:15 Double-Bit Axe
12:59 Horse Collar
15:55 Fletching
19:15 Castle Age
18:21 Padded Archer Armor
18:13 Gold Mining
19:54 Bodkin Arrow
20:43 Crossbowman
21:35 Bow Saw
22:04 Wheelbarrow
24:39 Stone Mining
24:50 Heavy Plow
26:17 Leather Archer Armor
28:50 Ballistics
32:33 Hand Cart
35:14 Imperial Age
36:05 Masonry
36:53 Conscription
37:41 Chemistry
36:51 Bracer
37:21 Ring Archer Armor
36:22 Arbalester
41:18 Architecture
47:38 Yeomen
GAX | Sr. Spock
9:22 Loom
11:39 Feudal Age
14:30 Castle Age
13:29 Double-Bit Axe
13:27 Horse Collar
14:19 Forging
17:16 Scale Barding Armor
24:11 Bow Saw
24:42 Wheelbarrow
23:53 Town Watch
25:38 Husbandry
26:04 Bloodlines
26:50 Fletching
27:33 Chain Barding Armor
30:57 Iron Casting
34:26 Gold Mining
34:26 Stone Mining
39:08 Imperial Age
38:27 Bodkin Arrow
40:41 Plate Barding Armor
39:43 Cavalier
43:34 Light Cavalry
46:07 Blast Furnace
45:48 Bracer
46:52 Hussar
Connection lost

Rejoining the realm…

Still unreachable

The connection could not be restored.

Session expired

The server has moved on; the page needs a fresh start.